 Dungeon Crawl Stone Soup version 0.29-a0-414-g5075937ec3 (webtiles) character file.

Game seed: 8613329019034849772

3311 101zpm the Thaumaturge (level 10, -8/62 HPs)
             Began as a Djinni Fire Elementalist on May 15, 2022.
             Was an Initiate of Hepliaklqana.
             Mangled by a vault guard
             ... wielding a +0 broad axe
              (13 damage)
             ... in a bailey.
             The game lasted 00:14:22 (8670 turns).

101zpm the Thaumaturge (Djinni Fire Elementalist)   Turns: 8670, Time: 00:14:23

Health: -8/62      AC:  3    Str:  7    XL:     10   Next: 21%
Gold:   241        EV: 13    Int: 21    God:    Hepliaklqana [......] SH:  0 Dex: 14

rFire   + + .      SeeInvis .   (no weapon)
rCold   x . .      Faith    .   c - orb {mayhem}
rNeg    . . .      Spirit   .   a - +0 robe
rPois   ∞          Reflect  .   b - +0 helmet
rElec   .          Harm     .   (no cloak)
rCorr   .          Rampage  .   (no gloves)
Will    +....                   (boots unavailable)
Stlth   ++........              (no amulet)
HPRegen 0.20/turn               (no ring)
MPRegen 0.00/turn               (no ring)

@: flying
A: sickness immunity, fire resistance 2, cold vulnerability 1, float, innate
caster, HP casting, extra vitality 1
a: Renounce Religion


You were in a bailey.
You worshipped Hepliaklqana.
Hepliaklqana was noncommittal.
You visited 1 branch of the dungeon, and saw 8 of its levels.
You also visited: Bailey.

You collected 241 gold pieces.

Inventory:

Hand Weapons
 o - a +7 quarterstaff
Armour
 a - a +0 robe (worn)
 b - a +0 helmet (worn)
 c - an orb of mayhem (worn)
Jewellery
 s - a ring of fire
 v - a +4 ring of evasion
Wands
 q - a wand of iceblast (13)
 r - a wand of flame (7)
 y - a wand of polymorph (10)
Scrolls
 d - 3 scrolls of identify {unknown}
 g - 4 scrolls of teleportation
 h - 2 scrolls of amnesia {unknown}
 j - 2 scrolls of noise {unknown}
 m - a scroll of vulnerability {unknown}
 p - a scroll of poison {unknown}
 t - a scroll of blinking {unknown}
 w - 2 scrolls of immolation {unknown}
Potions
 e - a potion of flight {unknown}
 f - 2 potions of curing {unknown}
 i - 2 potions of haste
 k - a potion of degeneration {unknown}
 l - a potion of heal wounds {unknown}
 n - a potion of brilliance {unknown}
 u - a potion of attraction {unknown}
 x - 2 potions of mutation {unknown}


   Skills:
 + Level 1.1 Fighting
 + Level 3.3 Dodging
 + Level 3.6 Stealth
 + Level 10.3 Spellcasting


You had 8 spell levels left.
You knew the following spells:

 Your Spells              Type           Power      Damage    Failure   Level
a - Foxfire               Conj/Fire      100%       2x1d9     1%          1
b - Scorch                Fire           100%       2d10      1%          2
c - Conjure Flame         Conj/Fire      53%        6-21      1%          3
d - Inner Flame           Hex/Fire       53%        N/A       1%          3
e - Flame Wave            Conj/Fire      53%        2d11      1%          4
f - Beastly Appendage     Tmut           100%       N/A       1%          1
g - Blink                 Tloc           100%       N/A       1%          2
h - Searing Ray           Conj           100%       2d8       1%          2
i - Portal Projectile     Hex/Tloc       100%       N/A       1%          3
Your spell library was empty.

Dungeon Overview and Level Annotations

Branches:
Dungeon (8/15)             Temple (0/1) D:4          Bailey (1/1)
   Lair: D:8-11

Altars:
Ashenzari
Hepliaklqana
Uskayaw

Shops:
D:5 *   D:7 :   D:8 =


Innate Abilities, Weirdness & Mutations

You are immune to sickness and miasma.
You are immune to poison.
Your flesh is very heat resistant. (rF++)
You are vulnerable to cold. (rC-)
You float through the air rather than walking.
You learn spells naturally, not from books.
Your magical power is your life essence.
You have superior vitality. (+4 MHP)


Message History

Flame seeps out of Prince Ribbit.
The foxfire hits Prince Ribbit.
Flame seeps out of Prince Ribbit.
Prince Ribbit is moderately wounded.
A vault guard comes into view. It is wielding a +0 broad axe.
Prince Ribbit is engulfed in blazing flames.
Flame seeps out of Prince Ribbit.
You conjure some foxfire!
Prince Ribbit closely misses you.
The foxfire hits Prince Ribbit.
Flame seeps out of Prince Ribbit.
Prince Ribbit is severely wounded.
The foxfire hits Prince Ribbit.
Flame seeps out of Prince Ribbit.
Prince Ribbit is severely wounded.
Prince Ribbit is engulfed in blazing flames.
Flame seeps out of Prince Ribbit.
Prince Ribbit blinks!
Prince Ribbit blinks!
There are monsters nearby!
You conjure some foxfire!
Your foxfire dissipates!
The foxfire hits Prince Ribbit.
Prince Ribbit explodes!
The fiery explosion engulfs you! You resist.
Unknown command.
Casting: Foxfire (safe; 1% risk of failure)
Confirm with . or Enter, or press ? or * to list all spells.
Aiming: Inner Flame (safe; 1% risk of failure)
Press: ? - help, Dir - move target, f - vault guard
Aim: a vault guard, wielding a +0 broad axe and wearing a +0 chain mail (chance to affect: 72%)
The vault guard is filled with an inner flame.
* * * LOW HITPOINT WARNING * * *
Unknown command.
The vault guard attacks as you move away!
The vault guard hits you with a +0 broad axe!
* * * LOW HITPOINT WARNING * * *
The vault guard is engulfed in blazing flames.
Flame seeps out of the vault guard.
The vault guard is engulfed in blazing flames.
Flame seeps out of the vault guard.
Items here: )) [[.
The vault guard attacks as you move away!
The vault guard hits you with a +0 broad axe!
You die...

##### ##...##
#.....#
#.∩.∩.#
######.....#
##....##...##
##.§☼§.)#)#+#
#....#p@.)#
#..####...#
#.....#...#
#.....#...#
###'###..##
≈). #..+
≈..≈####
#≈≈.≈ #≈p.≈≈


You could see a vault guard (inner flame).

Vanquished Creatures
  Prince Ribbit (Bailey)
  4 humans (Bailey)
  A wyvern (D:7)
  2 steam dragons
  An acid dragon (D:8)
  A water moccasin (D:6)
  2 ice beasts
  A sky beast (D:6)
  2 ogres
  3 phantoms
  Blork the orc (D:5)
  7 bullfrogs
  A necrophage (D:6)
  3 scorpions
  A howler monkey (D:6)
  4 jellies
  A hound (D:4)
  2 iguanas (D:6)
  3 gnolls
  7 adders
  A white imp (D:4)
  3 ufetubi (D:5)
  2 dart slugs
  11 orcs
  7 ball pythons
  5 endoplasms
  2 giant cockroaches
  6 goblins
  8 hobgoblins
  4 bats
  A frilled lizard (D:1)
  13 kobolds
  9 rats
120 creatures vanquished.

Vanquished Creatures (collateral kills)
  A human (Bailey)
  3 orcs
  A hobgoblin (D:2)
  A kobold (D:8)
6 creatures vanquished.

Vanquished Creatures (others)
  An ancestor (D:8)
  A kobold (D:8)
  475 foxfires
477 creatures vanquished.

Grand Total: 603 creatures vanquished

Notes
Turn   | Place    | Note
-------+----------+-------------------------------------------
     0 | D:1      | 101zpm the Djinni Fire Elementalist began the quest for the
                  | Orb.
     0 | D:1      | Reached XP level 1. HP: 15/15 MP: 0/0
   251 | D:1      | Reached XP level 2. HP: 17/21 MP: 0/0
   997 | D:1      | Reached skill level 3 in Spellcasting
  1195 | D:1      | Reached XP level 3. HP: 22/25 MP: 0/0
  1195 | D:1      | Learned a level 1 spell: Beastly Appendage
  2417 | D:3      | Reached XP level 4. HP: 28/31 MP: 0/0
  2600 | D:4      | Noticed a scorpion
  2601 | D:4      | Killed a scorpion
  2602 | D:4      | Reached skill level 4 in Spellcasting
  2602 | D:4      | Reached XP level 5. HP: 4/35 MP: 0/0
  2602 | D:4      | Learned a level 2 spell: Blink
  3126 | D:4      | Found a hide-covered altar of Uskayaw.
  3401 | D:4      | Found a staircase to the Ecumenical Temple.
  3409 | D:4      | Reached XP level 6. HP: 37/40 MP: 0/0
  3951 | D:5      | Entered Level 5 of the Dungeon
  3960 | D:5      | Reached skill level 5 in Spellcasting
  4049 | D:5      | Noticed an ogre
  4052 | D:5      | Killed an ogre
  4053 | D:5      | Reached XP level 7. HP: 38/45 MP: 0/0
  4053 | D:5      | Learned a level 2 spell: Searing Ray
  4515 | D:5      | Found Ehilonun's Assorted Antiques.
  5043 | D:5      | Found a faded altar of an unknown god.
  5044 | D:5      | Found a hazy altar of Hepliaklqana.
  5044 | D:5      | Noticed Blork the orc
  5049 | D:5      | Killed Blork the orc
  5050 | D:5      | Reached skill level 6 in Spellcasting
  5262 | D:5      | Became a worshipper of Hepliaklqana the Forgotten
  5357 | D:6      | Reached XP level 8. HP: 42/50 MP: 0/0
  5374 | D:6      | Reached skill level 7 in Spellcasting
  6568 | D:6      | Reached skill level 8 in Spellcasting
  6568 | D:6      | Reached XP level 9. HP: 51/55 MP: 0/0
  6568 | D:6      | Learned a level 3 spell: Portal Projectile
  7535 | D:7      | Found a broken altar of Ashenzari.
  7628 | D:7      | Found Doppyi's Book Boutique.
  7868 | D:7      | Reached * piety under Hepliaklqana
  7999 | D:8      | Found Kealext's Jewellery Shop.
  8012 | D:8      | Reached skill level 9 in Spellcasting
  8104 | D:8      | Found a flagged portal.
  8110 | Bailey   | Entered a bailey
  8515 | Bailey   | Reached XP level 10. HP: 40/61 MP: 0/0
  8642 | Bailey   | Reached skill level 1 in Fighting
  8642 | Bailey   | Reached skill level 10 in Spellcasting
  8652 | Bailey   | Noticed Prince Ribbit
  8656 | Bailey   | Noticed a vault guard
  8665 | Bailey   | Killed Prince Ribbit
  8670 | Bailey   | Mangled by a vault guard

Illustrated notes

Levels and vault maps discovered:
D:1:      heliophobic_arrival_dark_side_of_the_moon, layout_basic,
          serial_corexii_hall, corexii_hall_statues_i, corexii_hall_statues_x
D:2:      layout_rooms, basic_ecumenical_altar, serial_shops,
          nicolae_lakefront_shop, uniq_crazy_yiuf_cottage
D:3:      layout_loops_ring, bh_walls_and_bars, uniq_jessica
D:4:      layout_loops_cross, nicolae_uskayaw_dance_hall,
          minmay_temple_entry_slanted, grunt_ministairs_3
D:5:      layout_loops_corners, beargit_hepliaklqana_dungeon_heroes,
          serial_shops, nicolae_take_the_stairs
D:6:      layout_rooms
D:7:      layout_rooms, cheibrodos_ashenzari_chains, serial_shops,
          nicolae_shop_temple_entry_statues_fountains
D:8:      layout_basic, nemelex_diamond_rough_becter, serial_glass,
          glass_columns_a, glass_columns_a, enter_bailey_4, serial_shops,
          nicolae_stop_n_shop_2
Bailey:   bailey_axe_froggy_fort_hellmonk, bailey

Skill      XL: |  1  2  3  4  5  6  7  8  9 10 |
---------------+-------------------------------+-----
Spellcasting   | 3 4 5 6 8 9 10 | 10.3
Stealth        | 2 3 |  3.6
Dodging        | 3 |  3.3
Fighting       | 1 |  1.1

Action                   |  1- 3 |  4- 6 |  7- 9 | 10-12 || total
-------------------------+-------+-------+-------+-------++-------
 Cast: Foxfire           |   100 |    47 |   116 |    13 ||   276
       Scorch            |     3 |    11 |    32 |     2 ||    48
       Inner Flame       |       |    12 |    44 |     8 ||    64
Evoke: Wand              |       |       |       |     1 ||     1
  Use: Scroll            |       |       |     1 |       ||     1
Armor: Robe              |     3 |       |     3 |       ||     6
Dodge: Dodged            |     2 |       |    16 |     3 ||    21

Table legend: (Time is in decaauts)
 A = Elapsed time spent in this place.
 B = Non-inter-level travel time spent in this place.
 C = Inter-level travel time spent in this place.
 D = Time resting spent in this place.
 E = Time spent auto-exploring this place.
 F = Levels seen in this place.
 G = Mean time per level.
                   A        B        C        D        E       F      G
               +--------+--------+--------+--------+--------+-----+--------+
         Total |   8674 |   8417 |    257 |   1442 |   6254 |   9 |  963.8 |
       Dungeon |   8115 |   7858 |    257 |   1007 |   6204 |   8 | 1014.4 |
        Bailey |    559 |    559 |      0 |    435 |     50 |   1 |  559.0 |
               +--------+--------+--------+--------+--------+-----+--------+

Top non-repeatable levels by time:
     D:5: 2151 daAuts
     D:1: 2074 daAuts
     D:4: 1422 daAuts
     D:6: 1396 daAuts
  Bailey: 559 daAuts
     D:7: 501 daAuts
     D:2: 256 daAuts
     D:3: 196 daAuts
     D:8: 115 daAuts
